 Dungeon Crawl Stone Soup version 0.31.0-4-g52a2dc7128 (webtiles) character file.

Game seed: 2829017143588007821

275360 jasper the Impregnable (level 19, -1/180 HPs)
             Began as an Armataur Berserker on Jan 22, 2024.
             Was the Champion of Trog.
             Killed by divine providence
             ... invoked by a deep elf high priest
              (15 damage)
             ... on level 3 of the Elven Halls.
             The game lasted 01:07:54 (38635 turns).

jasper the Impregnable (Armataur Berserker)        Turns: 38635, Time: 01:07:55

Health: -1/180     AC: 41    Str: 32    XL:     19   Next: 55%
Magic:  6/6        EV:  3    Int: 13    God:    Trog [******]
Gold:   1297       SH: 25    Dex:  8    Spells: 18/18 levels left

rFire   + + .        B - +9 eveningstar (antimagic)
rCold   + + +        d - +2 tower shield {rC+ rF+}
rNeg    + . .        Q - +8 crystal plate armour
rPois   +            U - +2 hat of the Grue {^Contam rElec rC+ Slay+5}
rElec   +            i - scarf of the Bulwark {repulsion, rN+ Will+ rCorr Stlth-}
rCorr   +            A - +0 pair of gloves
SInv    .            o - +1 barding of Ezuwneam {rC+ Regen+ Str+3 Int-3}
Will    ++++.        m - amulet "Iforay" {Reflect Int+4 SH+5} Stlth
                     t - +4 ring of slaying
HPRegen 2.30/turn    N - ring "Niucogoto" {rPois rF+ Int+3 Dex-2}
MPRegen 0.10/turn

%: repel missiles, reflection, roll
@: strong-willed, corroded, regenerating
A: large, deformed body, tough skin 3, armoured tail, roll 2
}: 2/15 runes: serpentine, barnacled
a: Renounce Religion, Berserk, Trog's Hand, Brothers in Arms


You were on level 3 of the Elven Halls.
You worshipped Trog.
Trog was exalted by your worship.
You visited 6 branches of the dungeon, and saw 33 of its levels.
You also visited: Volcano.

You collected 4448 gold pieces.
You spent 3151 gold pieces at shops.

Inventory:

Hand Weapons
 j - a +9 heavy demon whip
 B - a +9 antimagic eveningstar (weapon)
Missiles
 l - 22 boomerangs (quivered)
 p - 6 curare-tipped darts
 u - 4 throwing nets
Armour
 d - a +2 tower shield of resistance (worn)
 i - the scarf of the Bulwark (worn) {repulsion, rN+ Will+ rCorr Stlth-}
   (You acquired it on level 2 of the Elven Halls)

   rN+:       It protects you from negative energy.
   Will+:     It increases your willpower.
   rCorr:     It protects you from acid and corrosion.
   Stlth-:    It makes you less stealthy.
 o - the +1 barding of Ezuwneam (worn) {rC+ Regen+ Str+3 Int-3}
   (You acquired it on level 2 of the Elven Halls)

   Str+3:     It affects your strength (+3).
   Int-3:     It affects your intelligence (-3).
   rC+:       It protects you from cold.
   Regen+:    It increases your rate of health regeneration.
 A - a +0 pair of gloves (worn)
 Q - a +8 crystal plate armour (worn)
 U - the +2 hat of the Grue (worn) {^Contam rElec rC+ Slay+5}
   (You acquired it on level 2 of the Elven Halls)

   Slay+5:    It affects your accuracy & damage with ranged weapons and melee
   (+5).
   rC+:       It protects you from cold.
   rElec:     It insulates you from electricity.
   ^Contam:   It causes magical contamination when unequipped.
Jewellery
 a - a ring of protection from fire
 f - a ring of willpower
 m - the amulet "Iforay" (around neck) {Reflect Int+4 SH+5}
   (You acquired it on level 2 of the Orcish Mines)

   [amulet of reflection]

   Reflect:   It reflects blocked missile attacks.
   Int+4:     It affects your intelligence (+4).
   SH+5:      It affects your SH (+5).
 t - a +4 ring of slaying (left hand)
 z - a ring of protection from cold
 F - a ring of protection from cold
 L - a ring of see invisible
 N - the ring "Niucogoto" (right hand) {rPois rF+ Int+3 Dex-2}
   (You bought it in a shop on level 3 of the Snake Pit)

   [ring of poison resistance]

   Int+3:     It affects your intelligence (+3).
   Dex-2:     It affects your dexterity (-2).
   rF+:       It protects you from fire.
   rPois:     It protects you from poison
Wands
 n - a wand of iceblast (13)
 q - a wand of acid (17)
 s - a wand of polymorph (13)
 C - a wand of digging (3)
 D - a wand of paralysis (15)
 M - a wand of flame (42)
 V - a wand of mindburst (5)
Scrolls
 g - 9 scrolls of teleportation
 r - 9 scrolls of revelation
 v - 5 scrolls of blinking
 x - a scroll of enchant weapon
 y - a scroll of butterflies
 E - 2 scrolls of fear
 J - a scroll of immolation
 K - 14 scrolls of identify
 P - 2 scrolls of silence
 R - 4 scrolls of poison
 S - 4 scrolls of vulnerability
 W - a scroll of enchant armour
 X - 3 scrolls of fog
Potions
 c - 5 potions of heal wounds
 e - 2 potions of lignification
 h - 3 potions of attraction
 w - 9 potions of haste
 G - 2 potions of resistance
 H - 5 potions of might
 I - 9 potions of curing
 O - 4 potions of mutation
 T - 6 potions of invisibility
 Y - 7 potions of enlightenment
 Z - 4 potions of ambrosia
Miscellaneous
 b - a sack of spiders
 k - a condenser vane (inert)


   Skills:
 + Level 18.3 Fighting
 - Level 16.0 Maces & Flails
 + Level 22.8 Armour
 - Level 1.3 Dodging
 + Level 16.4 Shields
 - Level 8.1 Evocations


You had 18 spell levels left.
You didn't know any spells.
Your spell library was empty.

Dungeon Overview and Level Annotations

Branches:
Dungeon (15/15)            Temple (0/1) D:6            Lair (5/5) D:9
 Shoals (4/4) Lair:2        Snake (4/4) Lair:2        Slime (0/5) Lair:4
    Orc (2/2) D:11            Elf (3/3) Orc:2        Vaults (0/5) D:13
 Depths (0/4) D:15        Volcano (visited)

Altars:
Cheibriados
Fedhas
Gozag
Hepliaklqana
Makhleb
Okawaru
Qazlal
Sif Muna
Trog
Uskayaw
Vehumet
Yredelemnul
The Shining One
Jiyva

Shops:
D:5 :   D:15 (   Orc:2 [(?(   Elf:2 !   Elf:3 ?   Snake:3 :=:

Annotations:
D:12 1 runed translucent door
D:13 2 transporters, Dirphi Vium's ghost, journeyman MiBe
Elf:3 1 exclusion


Innate Abilities, Weirdness & Mutations

Armour fits poorly on your strangely shaped body.
You have extremely tough skin. (AC +3)
You have a long armoured tail.
You regenerate magic and health when rolling toward enemies. (Rampage Regen)


Message History

The deep elf sorcerer points at you and mumbles some strange words.
The bolt of acid hits you! You resist. The acid corrodes you!
You puncture the deep elf sorcerer!
The deep elf sorcerer's magic leaks into the air.
You tail-slap the deep elf sorcerer!
The deep elf sorcerer is heavily wounded.
The deep elf sorcerer seems less brilliant.
The deep elf elementalist seems less brilliant.
The deep elf sorcerer is empowered by the deep elf high priest's aura!
The deep elf elementalist is empowered by the deep elf high priest's aura!
You block the deep elf sorcerer's attack.
You hit the deep elf sorcerer.
The deep elf sorcerer's magic leaks into the air.
The deep elf sorcerer is heavily wounded.
The deep elf sorcerer seems less brilliant.
The deep elf annihilator seems less brilliant.
The deep elf elementalist casts a spell next to you.
The wall shatters!
The blast of rock fragments hits you but does no damage.
You block the deep elf sorcerer's attack.
The deep elf sorcerer is empowered by the deep elf high priest's aura!
The deep elf annihilator is empowered by the deep elf high priest's aura!
The deep elf annihilator gestures wildly while chanting.
The deep elf annihilator blinks!
The deep elf high priest calls down the wrath of its god upon you.
Something smites you!
Unknown command.
You closely miss the deep elf sorcerer.
Your tail-slap misses the deep elf sorcerer.
The deep elf sorcerer is heavily wounded.
The deep elf elementalist gestures next to you while chanting.
The wall shatters!
The blast of rock fragments hits you!!!
* * * LOW HITPOINT WARNING * * *
You block the deep elf sorcerer's attack.
The deep elf high priest invokes the aid of its god against you.
Something smites you!
* * * LOW HITPOINT WARNING * * *
The deep elf high priest mumbles some strange prayers to its god against you.
Something smites you!
You die...

.............#..### #.##.###.##.
#.........###.### #.##.# ####.
##..#...### ### #.##.# #.
#..##..# #.##.# #. ##..##..##
#.##.# #. #...##...#########
#.##.# #. .................#
#.##.# #. ##.##.....######)#
#.##.### #. #.##..<..# #@#
##......# #. ##.###...#######e#
#.......# ## ##...........##ee#
#.#.....# ##...........#eeE#
#.#.....#
.............#ee#############****
######.........e§...e....,,,,,,,,
:..........##.....##.....,8,,8,,8
######....####.e§..#*,...,,,,,,,,
######...#####.......#,,.****+***


You could see 3 deep elf annihilators, 2 deep elf sorcerers, 2 deep elf
elementalists, 2 deep elf high priests and an air elemental.

Vanquished Creatures
  Mara (Elf:3)
  Jorgrun (Shoals:2)
  A deep elf blademaster (Elf:2)
  A quicksilver dragon (Snake:4)
  Polyphemus (Shoals:2)
  The ghost of Lalunt the Executioner, an adept MiBe of Trog (Elf:2)
  A kraken (Shoals:3)
  Donald (Shoals:1)
  7 nagarajas
  4 deep elf sorcerers (Elf:3)
  Louise (D:15)
  2 deep elf elementalists (Elf:3)
  Nessos (Orc:2)
  A deep elf demonologist (Elf:3)
  5 deep elf death magi (Elf:3)
  Azrael (D:12)
  A deep elf annihilator (Elf:3)
  The ghost of Huasawuy the Grappler, a journeyman TrHW of Okawaru (Lair:3)
  4 merfolk impalers
  6 merfolk javelineers (Shoals:4)
  2 fire dragons
  A quicksilver dragon zombie (D:15)
  4 salamander tyrants
  2 hydras (Lair:4)
  A rakshasa (D:15)
  A vault guard (D:13)
  A sphinx zombie (D:15)
  Erolcha (D:10)
  3 catoblepae
  2 merfolk aquamancers (Shoals:4)
  6 ogre magi
  21 two-headed ogres
  11 centaur warriors
  8 anacondas
  29 dancing weapons
  11 death yaks
  3 satyrs
  4 boulder beetles
  2 merfolk avatars (Shoals:1)
  An alligator snapping turtle (Shoals:4)
  A tengu warrior (D:15)
  7 naga warriors
  A hell hog (Lair:5)
  9 naga sharpshooters
  11 shock serpents
  7 deep elf knights
  Nergalle (Lair:3)
  3 fire crabs
  10 skeletal warriors
  7 salamander mystics
  6 skysharks
  A flayed ghost (D:15)
  10 sea snakes
  A storm dragon skeleton (D:15)
  12 deep elf archers
  8 mana vipers
  6 naga ritualists
  A harpy (shapeshifter) (Elf:3)
  25 deep elf pyromancers
  A necromancer (D:15)
  A lindwurm (Volcano)
  21 harpies
  A swamp dragon (Lair:5)
  6 ugly things
  3 wolf spiders
  24 deep elf zephyrmancers
  2 cyclopes
  3 orc sorcerers
  14 manticores
  15 fauns
  4 kobold blastminers
  8 elephants (Lair:5)
  22 salamanders
  A guardian serpent (Snake:4)
  25 black mambas
  6 merfolk sirens
  18 naga magi
  2 gargoyles
  4 water nymphs
  9 cane toads
  2 orange demons (D:14)
  Jeremiah (Lair:1)
  A rime drake (Lair:5)
  3 kobold demonologists
  6 komodo dragons
  3 tengu conjurers (D:15)
  3 red devils (D:14)
  3 trolls
  3 wind drakes
  A polar bear (shapeshifter) (D:13)
  17 merfolk
  A hornet (D:9)
  15 blink frogs
  13 polar bears
  Prince Ribbit (D:7)
  2 raiju (Lair:5)
  10 dream sheep
  3 air elementals
  6 snapping turtles
  11 slime creatures
  A vampire (D:10)
  11 fire bats
  9 basilisks
  5 humans (D:10)
  4 wyverns
  4 water elementals
  3 shadows
  32 yaks
  4 fire elementals
  3 steam dragons
  10 vampire mosquitoes
  6 wargs
  Menkaure (D:7)
  44 nagas
  4 acid dragons
  22 hell hounds
  17 water moccasins
  An ice beast (D:5)
  Pargi (D:4)
  12 black bears
  2 laughing skulls (D:13)
  A swamp drake (Lair:5)
  31 ogres
  18 orc warriors
  A crocodile (shapeshifter) (D:13)
  21 wolves
  20 centaurs
  4 kobold brigands
  10 bullfrogs
  2 gnoll sergeants (D:9)
  3 scorpions
  An earth elemental (Elf:3)
  17 wights
  12 killer bees
  3 electric eels
  3 howler monkeys
  5 lava snakes (Volcano)
  14 orc priests
  8 jellies
  3 gnoll boudas
  3 hounds
  8 iguanas
  A sleepcap (D:4)
  13 orc wizards
  26 gnolls
  8 adders
  A white imp (D:8)
  A ribbon worm (D:3)
  A dart slug (D:2)
  54 orcs
  5 ball pythons
  4 endoplasms
  3 giant cockroaches
  A goblin (D:4)
  4 hobgoblins
  2 jackals (D:3)
  6 kobolds
  A quokka (D:2)
  4 bats
  2 rats
1099 creatures vanquished.

Vanquished Creatures (collateral kills)
  A nagaraja (Snake:4)
  5 dancing weapons (Elf:2)
  A shock serpent (Snake:3)
  2 deep elf knights (Elf:2)
  A deep elf zephyrmancer (Elf:2)
  2 salamanders
  A guardian serpent (Snake:4)
  A naga mage (Snake:4)
  A molten gargoyle (Volcano)
  A fire bat (Volcano)
16 creatures vanquished.

Vanquished Creatures (others)
  2 harpies (Shoals:4)
  A deep elf pyromancer (Elf:2)
  A salamander (Snake:3)
  A black mamba (Snake:4)
  A water nymph (Shoals:4)
  A merfolk (Shoals:4)
  An orc (Orc:2)
  4 tentacles (Shoals:3)
12 creatures vanquished.

Grand Total: 1127 creatures vanquished

Notes
Turn   | Place    | Note
-------+----------+-------------------------------------------
     0 | D:1      | jasper the Armataur Berserker began the quest for the Orb.
     0 | D:1      | Reached XP level 1. HP: 18/18 MP: 1/1
   261 | D:1      | Reached XP level 2. HP: 25/25 MP: 2/2
   506 | D:2      | Reached XP level 3. HP: 29/30 MP: 3/3
   624 | D:2      | Reached ** piety under Trog
  1120 | D:4      | Reached XP level 4. HP: 30/37 MP: 4/4
  1329 | D:4      | Reached skill level 5 in Maces & Flails
  1333 | D:4      | Reached XP level 5. HP: 23/42 MP: 5/5
  1471 | D:4      | Found a hide-covered altar of Uskayaw.
  1778 | D:4      | Reached XP level 6. HP: 39/50 MP: 6/6
  2153 | D:4      | Noticed Pargi
  2167 | D:4      | Killed Pargi
  2173 | D:4      | Gained mutation: You regenerate magic and health when
                  | rolling toward enemies. (Rampage Regen) [Armataur growth]
  2173 | D:4      | Reached XP level 7. HP: 45/56 MP: 7/7
  2696 | D:5      | Entered Level 5 of the Dungeon
  2805 | D:5      | Identified a scroll of acquirement
  2805 | D:5      | Acquired a +2 barding of flying
  2847 | D:5      | Found an iron altar of Okawaru.
  3100 | D:5      | Found Moschyeh's Book Shop.
  3228 | D:5      | Found a hazy altar of Hepliaklqana.
  3341 | D:5      | Reached XP level 8. HP: 62/62 MP: 8/8
  3511 | D:6      | Found a staircase to the Ecumenical Temple.
  3602 | D:6      | Found a glowing golden altar of the Shining One.
  3604 | D:6      | Noticed an angel
  3618 | D:6      | Found a basalt altar of Yredelemnul.
  3630 | D:6      | Noticed a profane servitor
  3835 | D:6      | Found a shimmering blue altar of Sif Muna.
  3955 | D:6      | Found Ciucraweh's Armour Emporium.
  4139 | D:7      | Noticed Menkaure
  4145 | D:7      | Killed Menkaure
  4146 | D:7      | Reached skill level 10 in Maces & Flails
  4146 | D:7      | Found a blossoming altar of Fedhas.
  4651 | D:7      | Found a snail-covered altar of Cheibriados.
  4666 | D:7      | Noticed Prince Ribbit
  4671 | D:7      | Killed Prince Ribbit
  4692 | D:7      | Found a burning altar of Makhleb.
  4700 | D:7      | Found a stormy altar of Qazlal.
  4705 | D:7      | Reached XP level 9. HP: 68/68 MP: 9/9
  4820 | D:7      | Reached *** piety under Trog
  5704 | D:8      | Found a bloodstained altar of Trog.
  6165 | D:9      | Noticed a fire crab
  6500 | D:9      | You are sucked into a shaft and drop 3 floors!
  6624 | D:11     | Reached XP level 10. HP: 65/74 MP: 10/10
  6788 | D:11     | Noticed a red ugly thing
  6794 | D:11     | Killed a red ugly thing
  6910 | D:11     | Noticed a two-headed ogre
  6929 | D:11     | Killed a two-headed ogre
  6930 | D:11     | Reached skill level 3 in Armour
  7045 | D:11     | Reached skill level 4 in Armour
  7145 | D:11     | Found a staircase to the Orcish Mines.
  7154 | D:11     | Reached **** piety under Trog
  7169 | D:11     | Reached skill level 5 in Armour
  7433 | D:11     | Noticed a two-headed ogre
  7438 | D:11     | Killed a two-headed ogre
  7439 | D:11     | Reached skill level 5 in Fighting
  7439 | D:11     | Reached skill level 6 in Armour
  7718 | D:10     | Entered Level 10 of the Dungeon
  7718 | D:10     | Noticed Erolcha
  7725 | D:10     | Killed Erolcha
  7726 | D:10     | Reached skill level 7 in Armour
  7726 | D:10     | Reached XP level 11. HP: 89/89 MP: 11/11
  8081 | D:10     | Found a radiant altar of Vehumet.
  8086 | D:10     | Found an opulent altar of Gozag.
  8257 | D:10     | Identified the +0 falchion of Recklessness {heavy, *Slow
                  | Str+4}
  8343 | D:10     | Reached skill level 8 in Armour
  8992 | D:9      | Reached skill level 1 in Shields
  9155 | D:9      | Killed a fire crab
  9156 | D:9      | Reached skill level 9 in Armour
  9204 | D:9      | Found a staircase to the Lair.
  9424 | Lair:1   | Entered Level 1 of the Lair of Beasts
  9441 | Lair:1   | Noticed Jeremiah
  9463 | Lair:1   | Killed Jeremiah
  9613 | Lair:1   | Reached skill level 10 in Armour
  9730 | Lair:1   | Found a dark tunnel.
  9737 | Volcano  | Entered a volcano
  9870 | Volcano  | Reached ***** piety under Trog
 10025 | Volcano  | Noticed a fire dragon
 10082 | Volcano  | Found a bloodstained altar of Trog.
 10082 | Volcano  | Noticed a lindwurm
 10089 | Volcano  | Reached XP level 12. HP: 76/102 MP: 12/12
 10094 | Volcano  | Reached skill level 5 in Shields
 10105 | Volcano  | Killed a fire dragon
 10113 | Volcano  | Reached skill level 11 in Armour
 11214 | Lair:2   | Found a staircase to the Shoals.
 11359 | Lair:2   | Reached skill level 12 in Armour
 11509 | Lair:2   | Reached skill level 10 in Fighting
 11608 | Lair:2   | Noticed a boulder beetle
 11868 | Lair:2   | Killed a boulder beetle
 11872 | Lair:2   | Reached skill level 13 in Armour
 12183 | Lair:2   | Identified the +5 morningstar of Posypn {flame, rF+ Dex+4}
                  | (Trog gifted it to you on level 2 of the Lair of Beasts)
 12183 | Lair:2   | Received a gift from Trog
 12424 | Lair:2   | Found a staircase to the Snake Pit.
 12427 | Lair:2   | Reached XP level 13. HP: 104/114 MP: 13/13
 12692 | Lair:3   | You are sucked into a shaft and drop 1 floor!
 12704 | Lair:4   | Found a viscous altar of Jiyva.
 12767 | Lair:4   | Found a staircase to the Slime Pits.
 13309 | Lair:4   | Reached skill level 15 in Maces & Flails
 13598 | Lair:4   | Identified the +7 quarterstaff "Killer Bee's Curse" {heavy,
                  | rPois rCorr Int+3}
 14450 | Lair:3   | Found a runed translucent door.
 14452 | Lair:3   | Noticed Huasawuy's ghost (journeyman TrHW)
 14490 | Lair:3   | Noticed Nergalle
 14499 | Lair:3   | Killed Nergalle
 14959 | Lair:3   | Killed Huasawuy's ghost
 15132 | Orc:1    | Entered Level 1 of the Orcish Mines
 15250 | Orc:2    | Entered Level 2 of the Orcish Mines
 15504 | Orc:2    | Noticed Nessos
 15517 | Orc:2    | Killed Nessos
 15933 | Orc:2    | Reached skill level 1 in Evocations
 16215 | Orc:2    | Received a gift from Trog
 16234 | Orc:2    | Paralysed by an ogre mage for 4 turns
 16276 | Orc:2    | Reached skill level 14 in Armour
 16294 | Orc:2    | Reached XP level 14. HP: 65/124 MP: 14/14
 16466 | Orc:2    | Found a staircase to the Elven Halls.
 16527 | Orc:2    | Found Veokhlema's Weapon Emporium.
 16527 | Orc:2    | Found Orghunon's Magic Scroll Boutique.
 16528 | Orc:2    | Found Yxatudd's Antique Weapon Boutique.
 16528 | Orc:2    | Found Vaototif's Antique Armour Shoppe.
 16540 | Orc:2    | Bought a throwing net for 51 gold pieces
 16541 | Orc:2    | Bought a scroll of acquirement for 572 gold pieces
 16541 | Orc:2    | Bought a scroll of butterflies for 44 gold pieces
 16541 | Orc:2    | Bought a scroll of immolation for 44 gold pieces
 16541 | Orc:2    | Acquired the amulet "Iforay" {Reflect Int+4 SH+5}
 16756 | Orc:1    | Paralysed by an orc sorcerer for 2 turns
 16788 | Orc:1    | Received a gift from Trog
 16816 | Orc:1    | Found a burning altar of Makhleb.
 17146 | Lair:5   | Entered Level 5 of the Lair of Beasts
 17179 | Lair:4   | Reached skill level 5 in Evocations
 17414 | Lair:5   | Reached skill level 15 in Armour
 17558 | Lair:5   | Identified the +7 ring mail of Restlessness {rN+}
 17637 | Lair:5   | Identified the +6 flail of the Thieving Gods {flame, Int+4}
 18058 | Lair:5   | Received a gift from Trog
 18636 | Lair:5   | Reached skill level 16 in Armour
 18911 | D:12     | Reached XP level 15. HP: 133/134 MP: 15/15
 19415 | D:12     | Found a runed translucent door.
 19418 | D:12     | Noticed Azrael
 19438 | D:12     | Killed Azrael
 19663 | D:13     | Received a gift from Trog
 20239 | D:13     | Found a transporter.
 20240 | D:13     | Found a transporter.
 20258 | D:13     | Noticed Dirphi Vium's ghost (journeyman MiBe)
 20298 | D:13     | Found a gate to the Vaults.
 20952 | D:14     | Reached skill level 17 in Armour
 21317 | D:15     | Entered Level 15 of the Dungeon
 21349 | D:15     | Paralysed by an ogre mage for 3 turns
 21705 | D:15     | Found a staircase to the Depths.
 21839 | D:15     | Reached XP level 16. HP: 146/146 MP: 16/16
 21906 | D:15     | Noticed Louise
 21927 | D:15     | Killed Louise
 22065 | D:15     | Found Qodeplobb's Antique Weapon Shoppe.
 22499 | Snake:1  | Entered Level 1 of the Snake Pit
 22911 | Snake:1  | Reached skill level 18 in Armour
 23566 | Snake:1  | Received a gift from Trog
 24486 | Snake:2  | Reached ****** piety under Trog
 25462 | Snake:2  | Reached skill level 10 in Shields
 26011 | Snake:3  | Reached skill level 15 in Fighting
 26253 | Snake:3  | Reached skill level 19 in Armour
 26591 | Snake:3  | Received a gift from Trog
 26967 | Snake:3  | Identified the +0 scale mail "Ofejie Bagu" {MP+9 Int+3}
 27214 | Snake:3  | Found Lyhutuw's Book Shoppe.
 27215 | Snake:3  | Found Kushiuno's Jewellery Boutique.
 27216 | Snake:3  | Found Ytere's Book Shoppe.
 27224 | Snake:3  | Bought the ring "Niucogoto" {rPois rF+ Int+3 Dex-2} for 469
                  | gold pieces
 27342 | Snake:3  | Reached XP level 17. HP: 139/156 MP: 17/17
 27863 | Snake:4  | Entered Level 4 of the Snake Pit
 29137 | Snake:4  | Received a gift from Trog
 29205 | Snake:4  | Reached skill level 20 in Armour
 29628 | Snake:4  | Got a serpentine rune of Zot
 29899 | Snake:4  | Noticed a quicksilver dragon
 29905 | Snake:4  | Killed a quicksilver dragon
 30349 | Shoals:1 | Entered Level 1 of the Shoals
 30522 | Orc:2    | Bought a scroll of enchant armour for 82 gold pieces
 30522 | Orc:2    | Bought a scroll of enchant armour for 82 gold pieces
 30787 | Shoals:1 | Identified the +7 sling "Xiczab" {heavy, +Blink rC- rN+}
 30970 | Shoals:1 | Noticed Donald
 30994 | Shoals:1 | Killed Donald
 31582 | Shoals:2 | Noticed Polyphemus
 31592 | Shoals:1 | Received a gift from Trog
 31897 | Shoals:2 | Killed Polyphemus
 31898 | Shoals:2 | Reached XP level 18. HP: 99/168 MP: 6/18
 32100 | Shoals:2 | Noticed Jorgrun
 32112 | Shoals:2 | Killed Jorgrun
 32820 | Shoals:3 | Reached skill level 21 in Armour
 32945 | Shoals:3 | Received a gift from Trog
 33577 | Shoals:4 | Entered Level 4 of the Shoals
 34426 | Shoals:4 | Got a barnacled rune of Zot
 35219 | Elf:1    | Entered Level 1 of the Elven Halls
 35335 | Elf:1    | Paralysed by an air elemental for 1 turns
 35596 | Elf:1    | Paralysed by an air elemental for 1 turns
 35776 | Elf:1    | Reached skill level 15 in Shields
 35941 | Elf:1    | Identified the ring "Zourel" {Fly Str+2 Dex+6}
 36361 | Elf:2    | Received a gift from Trog
 36846 | Elf:2    | Reached skill level 22 in Armour
 36847 | Elf:2    | Found a runed translucent gate.
 36847 | Elf:2    | Found a runed translucent gate.
 36847 | Elf:2    | Found a runed translucent gate.
 36913 | Elf:2    | Paralysed by an air elemental for 1 turns
 36928 | Elf:2    | Found Otuox's Distillery.
 36950 | Elf:2    | Acquired the scarf of the Bulwark {repulsion, rN+ Will+
                  | rCorr Stlth-}
 36951 | Elf:2    | Acquired the +2 hat of the Grue {^Contam rElec rC+ Slay+5}
 36952 | Elf:2    | Acquired the +1 barding of Ezuwneam {rC+ Regen+ Str+3
                  | Int-3}
 37014 | Elf:2    | Bought a potion of invisibility for 120 gold pieces
 37014 | Elf:2    | Bought a potion of heal wounds for 75 gold pieces
 37014 | Elf:2    | Bought 2 potions of invisibility for 240 gold pieces
 37014 | Elf:2    | Bought a potion of might for 60 gold pieces
 37014 | Elf:2    | Bought a potion of ambrosia for 120 gold pieces
 37014 | Elf:2    | Bought a potion of enlightenment for 75 gold pieces
 37110 | Elf:2    | Found a runed translucent door.
 37110 | Elf:2    | Noticed Lalunt's ghost (adept MiBe)
 37233 | Elf:2    | Reached XP level 19. HP: 168/178 MP: 6/19
 37819 | Elf:2    | Killed Lalunt's ghost
 37864 | Elf:3    | Entered Level 3 of the Elven Halls
 37982 | Elf:3    | Found a shimmering blue altar of Sif Muna.
 37995 | Elf:3    | Received a gift from Trog
 38001 | Elf:3    | Noticed Mara
 38020 | Elf:3    | Noticed jasper's illusion
 38035 | Elf:3    | Killed Mara
 38121 | Elf:3    | Found Pesuwn's Magic Scroll Emporium.
 38124 | Elf:3    | Bought a scroll of enchant armour for 112 gold pieces
 38124 | Elf:3    | Bought a scroll of fog for 60 gold pieces
 38124 | Elf:3    | Bought a scroll of vulnerability for 60 gold pieces
 38124 | Elf:3    | Bought a scroll of teleportation for 45 gold pieces
 38124 | Elf:3    | Bought a scroll of acquirement for 780 gold pieces
 38124 | Elf:3    | Bought a scroll of fear for 60 gold pieces
 38129 | Elf:3    | Acquired 631 gold pieces
 38631 | Elf:3    | Received a gift from Trog
 38635 | Elf:3    | Killed from afar by a deep elf high priest

Illustrated notes

Levels and vault maps discovered:
D:1:      nzn_arrival_depleted_hourglass, layout_rooms
D:2:      layout_loops_ring
D:3:      layout_basic, nicolae_ru_the_path_less_chosen, st_stairs_7, uniq_ijyb,
          uniq_robin
D:4:      layout_loops_corners, nicolae_uskayaw_suspiria, uniq_pargi
D:5:      layout_gridville, old_standard_altar, kennysheep_mini_moat,
          serial_shops, shop, minmay_misc_feat_nine_boxes, grunt_ministairs_7
D:6:      layout_rooms, grunt_temple_overflow_holy_war,
          nicolae_sif_muna_little_library, minmay_temple_entry_butterflies,
          serial_shops, shop
D:7:      layout_loops_ring, cheibriados_altar_1, mainiacjoe_overflow_boulevard,
          mainiacjoe_overflow_big_doors, chequers_serial_rivers_marsh,
          uniq_menkaure, uniq_prince_ribbit1
D:8:      layout_loops_cross, lightli_temple_of_fire
D:9:      layout_loops_cross, minmay_lair_entry_lava
D:10:     layout_basic, vehumet_altar_wand_db, mainiacjoe_overflow_alcove_1,
          minmay_ruffians, uniq_erolcha
D:11:     layout_roguey, orc_0_dummy
D:12:     layout_gridville, minmay_st_funbox, uniq_azrael
D:13:     layout_cave_pods, erik_vaults_1, nzn_ghost_randoct
D:14:     layout_long_grid, st_stairs_1, minmay_beelzebubs_servants
D:15:     gammafunk_depths_entry_grave, layout_loops_cross, serial_park_tiny_1,
          serial_shops, nicolae_shop_behind_doors, uniq_louise
Lair:1:   layout_layer_cave, nicolae_volcano_entry_hallway, grunt_megastairs_1,
          serial_bayou_shore_a, uniq_jeremiah
Lair:2:   layout_regular_city, minmay_shoals_entry_beasts,
          minmay_snake_entry_guardpost_medium, nicolae_lair_run_with_the_wolves
Lair:3:   layout_chaotic_city, gammafunk_ghost_grave, uniq_nergalle
Lair:4:   layout_small_grid, nicolae_slime_entry_field_trip
Lair:5:   guppyfry_lair_end_dragon, layout_misc_corridors,
          hangedman_lair_caniforms_friends, lemuel_old_faithful
Shoals:1: layout_shoals, hangedman_shoal_volcano, uniq_donald
Shoals:2: layout_shoals, uniq_jorgrun, uniq_polyphemus
Shoals:3: layout_shoals
Shoals:4: shoals_end_simple, layout_shoals, nicolae_shoals_hunting_party
Snake:1:  layout_layer_cave
Snake:2:  layout_chambers
Snake:3:  layout_layer_cave, drop_trap, minmay_shop_grove
Snake:4:  hellmonk_snake_rune_quicksilver_temple, layout_cave_town,
          grunt_ministairs_6, nicolae_snake_gridmaze_swirls
Orc:1:    layout_caves, basic_altar
Orc:2:    st_orc_ogre_mass, layout_caves, uniq_nessos
Elf:1:    layout_onion_city, hangedman_elven_crosses_minicolossus
Elf:2:    nicolae_elf_blades_splatter_lattice [nicolae_blade_tridents],
          layout_geoelf_diagonals, hellmonk_ghost_happy_afterlife, serial_shops,
          nicolae_shop_industrial_runoff
Elf:3:    minmay_elf_hall_statues, layout_loops_ring, serial_shops,
          nicolae_shop_tiny_real_fake_doors, serial_aquarium,
          aquarium_bridge_long_separate [aquarium_subvault_balcony,
          aquarium_subvault_balcony, aquarium_subvault_bridge,
          aquarium_subvault_bridge, aquarium_subvault_bridge,
          aquarium_subvault_bridge], aquarium_window_corner, aquarium_window_1,
          aquarium_view_2d, aquarium_view_2e, aquarium_pool_2, basic_altar,
          uniq_mara

Skill      XL: |  1  2  3  4  5  6  7  8  9 10 11 12 13 14 15 16 17 18 19 |
---------------+----------------------------------------------------------+-----
Maces & Flails | 3 4 5 6 7 9 11 13 14 16 | 16.0
Fighting       | 5 8 10 11 12 14 15 16 17 18 | 18.3
Armour         | 7 10 13 14 16 17 19 20 22 | 22.8
Shields        | 4 5 8 11 13 15 16 | 16.4
Evocations     | 3 7 8 |  8.1
Dodging        | |  1.3

Action                     |  1- 3 |  4- 6 |  7- 9 | 10-12 | 13-15 | 16-18 | 19-21 || total
---------------------------+-------+-------+-------+-------+-------+-------+-------++-------
  Melee: Mace              |    88 |    36 |       |       |       |       |       ||   124
         Tailslap          |     6 |    16 |    28 |    74 |   182 |   258 |    41 ||   605
         Flail             |       |    68 |   247 |   461 |       |       |       ||   776
         Punch             |       |       |     3 |     3 |       |       |       ||     6
         Morningstar       |       |       |       |     3 |  1065 |   493 |       ||  1561
         Eveningstar       |       |       |       |       |       |   957 |   208 ||  1165
  Throw: Dart              |     6 |     4 |     5 |       |       |       |       ||    15
         Boomerang         |       |       |    23 |    10 |    37 |     6 |       ||    76
 Invoke: Berserk           |       |     3 |    11 |    14 |     6 |     3 |       ||    37
         Trog's Hand       |       |       |       |     3 |     6 |     6 |     3 ||    18
         Brothers in Arms  |       |       |       |     1 |     1 |     1 |     2 ||     5
  Evoke: Wand              |       |       |     7 |     4 |    10 |       |     2 ||    23
         Sack of spiders   |       |       |       |       |     1 |     1 |       ||     2
         Condenser vane    |       |       |       |       |       |     1 |     1 ||     2
    Use: Scroll            |     6 |     3 |    10 |     6 |    10 |    17 |     7 ||    59
         Potion            |       |       |       |     4 |       |       |       ||     4
   Stab: Distracted        |       |       |       |       |     2 |       |       ||     2
         Petrified         |       |       |       |       |     2 |       |       ||     2
 Armour: Leather armour    |    11 |       |       |       |       |       |       ||    11
         Animal skin       |     3 |       |       |       |       |       |       ||     3
         Chain mail        |    62 |    96 |    88 |       |   783 |    25 |       ||  1054
         Scale mail        |       |       |   109 |   461 |   152 |       |       ||   722
         Crystal plate arm |       |       |       |       |       |  1407 |   128 ||  1535
  Dodge: Dodged            |    35 |    32 |    61 |   109 |   189 |    89 |     2 ||   517
         Repelled          |       |       |       |       |       |       |     1 ||     1
  Block: Buckler           |       |       |       |    69 |   281 |       |       ||   350
         Reflection        |       |       |       |       |    36 |   152 |    13 ||   201
         Kite shield       |       |       |       |       |   210 |   389 |       ||   599
         Tower shield      |       |       |       |       |       |  1355 |   159 ||  1514
